Map: Abyssal Reef LE

Players

rainManzD

  • Race: Terran Terran
  • League: Diamond
  • Spawn Location: 5:00

DonkeyCHEESE - Winner!

  • Race: Protoss Protoss
  • League: Master
  • Spawn Location: 11:00

VOD

Have the link to the VOD?

Description

Time

  • Played on: June 11, 2017, 3:04 p.m.
  • Length: 18:05
Show
View Real Time Build Order
Export as new Build Order

rainManzD Terran 

Build Orders: MMM Bio 

Get SALT Encoding   

  12  0:00  SCV  
  13  0:13  SCV  
  14  0:17  Supply Depot  
  14  0:25  SCV  
  15  0:39  SCV  
  15  0:40  Barracks  
  16  0:45  Refinery  
  16  0:51  SCV  
  17  1:03  SCV  
  18  1:15  SCV  
  19  1:29  Supply Depot  
  19  1:33  Marine  
  19  1:38  Bunker  
  20  1:43  SCV  
  20  1:44  Engineering Bay, Refinery  
  21  1:50  Marine  
  22  1:58  Bunker  
  22  2:08  Marine  
  22  2:15  Planetary Fortress  
  23  2:26  Marine  
  24  2:48  Missile Turret  
  24  2:52  Marine  
  24  2:53  SCV  
  18  3:05  SCV  
  18  3:10  Marine  
  17  3:25  Barracks  
  17  3:27  Marine  
  18  3:37  SCV  
  19  3:45  Marine  
  20  3:49  SCV  
  20  3:54  Barracks  
  21  4:01  SCV  
  22  4:03  Marine  
  21  4:14  Marine  
  21  4:16  SCV  
  21  4:20  Factory  
  21  4:21  Marine  
  22  4:32  Marine  
  23  4:41  Marine x2  
  25  4:52  Marine  
  26  4:59  Marine  
  27  5:06  Factory Tech Lab  
  25  5:11  Barracks Tech Lab  
  24  5:15  Marine, Command Center  
  24  5:18  SCV  
  26  5:21  Supply Depot  
  26  5:27  Barracks Reactor  
  26  5:33  Siege Tank  
  29  5:39  Stimpack  
  29  5:42  Reaper  
  30  5:49  SCV  
  31  5:54  Marauder  
  33  6:04  Marine x2  
  35  6:24  Marine  
  36  6:27  Orbital Command  
  36  6:32  Barracks Reactor  
  35  6:36  Widow Mine, SCV  
  36  6:48  Missile Turret  
  36  6:52  Starport  
  36  6:55  SCV  
  36  6:56  SCV  
  37  7:05  Marine  
  37  7:07  SCV  
  39  7:09  SCV  
  40  7:15  Marine  
  40  7:16  Marine x2  
  40  7:20  Widow Mine  
  44  7:28  SCV  
  45  7:44  Barracks Reactor  
  45  7:45  Medivac, Orbital Command  
  45  7:46  Medivac  
  49  7:52  Missile Turret  
  49  8:04  SCV  
  50  8:11  SCV  
  51  8:13  Refinery  
  51  8:14  Marine  
  51  8:16  SCV  
  51  8:18  Marine  
  51  8:19  Combat Shields  
  54  8:23  Supply Depot  
  54  8:42  SCV  
  54  8:44  Marine  
  54  8:45  SCV  
  54  8:54  SCV  
  55  8:56  Marine  
  55  8:57  SCV  
  57  9:04  Medivac x2  
  57  9:06  SCV  
  62  9:17  Supply Depot  
  62  9:21  Terran Infantry Weapons Level 1, Barracks  
  62  9:33  Marine  
  62  9:39  Marine x4, Siege Tank, SCV  
  70  9:51  Marine  
  70  9:59  Marine x2  
  70  10:04  Marine  
  59  10:09  Marauder, SCV  
  59  10:11  Barracks Reactor  
  56  10:15  SCV  
  56  10:16  Marine  
  58  10:21  SCV  
  58  10:25  Marine  
  58  10:27  SCV  
  61  10:29  Sensor Tower  
  61  10:32  Marine x3  
  61  10:33  SCV  
  65  10:39  SCV  
  65  10:42  Missile Turret  
  64  10:50  Marine  
  64  10:51  Marine x3, Marauder  
  64  10:55  Marine  
  70  11:11  Supply Depot x2, Concussive Shells  
  70  11:15  Supply Depot, Terran Infantry Armor Level 1  
  70  11:22  Refinery  
  70  11:33  Siege Tank, Marine x3, Medivac, SCV  
  70  11:34  Supply Depot  
  79  11:47  SCV  
  76  12:10  SCV  
  77  12:20  Marine  
  77  12:21  Marine x3  
  77  12:22  SCV  
  85  12:24  Medivac  
  85  12:26  Command Center  
  87  12:32  Missile Turret  
  84  12:38  Marine  
  84  12:39  Marine x2  
  82  12:59  Marine  
  82  13:01  Marine x3  
  67  13:08  SCV  
  67  13:09  SCV  
  57  13:17  Marine  
  57  13:19  Marine x3  
  61  13:20  SCV  
  61  13:21  SCV  
  63  13:27  Command Center, Refinery  
  63  13:32  SCV, Barracks  
  63  13:33  SCV  
  65  13:34  Sensor Tower  
  65  13:35  Widow Mine, Marine  
  65  13:37  Marine x3  
  71  13:42  Barracks  
  71  13:47  Barracks  
  67  13:52  Marine  
  58  13:57  Marine  
  58  13:58  Marine  
  52  14:04  Marine  
  53  14:15  Medivac  
  55  14:24  Medivac  
  55  14:40  Missile Turret  
  54  14:48  Marine x6  
  60  14:54  Orbital Command  
  60  15:00  SCV x2  
  60  15:05  Marine  
  63  15:09  Marine  
  64  15:15  SCV x2  
  64  15:21  Missile Turret  
  66  15:29  SCV  
  66  15:30  Marine x3  
  70  15:37  SCV  
  70  15:38  SCV  
  70  15:40  Marine  
  73  15:44  Marine x2  
  73  15:49  Medivac  
  77  16:03  Marine x7  
  83  16:12  Marine  
  83  16:21  Marine  
  83  16:22  Marine x6  
  88  16:35  Marine  
  89  17:05  Command Center  
  89  17:08  Marine  
  89  17:15  Widow Mine  
  92  17:26  SCV  
  92  17:28  Barracks Reactor  
Show
View Real Time Build Order
Export as new Build Order

DonkeyCHEESE Protoss - Winner!

Build Orders: 1 Gate Expand 

Get SALT Encoding   

  12  0:01  Probe (Chrono Boost)  
  13  0:11  Probe (Chrono Boost)  
  14  0:17  Pylon  
  14  0:22  Probe (Chrono Boost)  
  16  0:35  Probe (Chrono Boost)  
  16  0:40  Gateway  
  16  0:46  Assimilator  
  16  0:47  Probe (Chrono Boost)  
  18  1:11  Probe (Chrono Boost)  
  18  1:21  Nexus  
  18  1:31  Probe (Chrono Boost), Cybernetics Core  
  19  1:45  Forge, Probe (Chrono Boost)  
  20  1:53  Pylon  
  20  2:00  Pylon  
  20  2:09  Pylon  
  19  2:19  Probe (Chrono Boost)  
  20  2:29  Pylon  
  21  2:30  Probe (Chrono Boost)  
  21  2:35  Mothership Core (Chrono Boost)  
  23  2:40  Probe (Chrono Boost)  
  23  2:42  Assimilator  
  24  2:53  Probe (Chrono Boost)  
  25  3:03  Probe (Chrono Boost)  
  22  3:25  Stargate, Photon Cannon  
  22  3:27  Photon Cannon  
  21  3:45  Mothership Core (Chrono Boost)  
  23  3:57  Nexus  
  23  4:26  Zealot  
  23  4:27  Pylon  
  23  4:29  Pylon  
  25  4:33  Photon Cannon  
  25  4:34  Photon Cannon  
  25  4:38  Photon Cannon  
  24  5:06  Mothership Core (Chrono Boost)  
  24  5:12  Oracle  
  27  5:22  Probe (Chrono Boost), Pylon  
  27  5:24  Probe (Chrono Boost)  
  29  5:32  Probe (Chrono Boost)  
  29  5:35  Probe (Chrono Boost)  
  31  5:43  Probe (Chrono Boost)  
  31  5:49  Gateway  
  32  5:50  Gateway  
  32  5:52  Pylon  
  32  5:59  Probe (Chrono Boost)  
  32  6:02  Assimilator  
  31  6:10  Probe (Chrono Boost)  
  31  6:39  Phoenix  
  33  6:41  Adept x3  
  33  6:42  Probe (Chrono Boost)  
  40  6:51  Probe (Chrono Boost)  
  40  6:52  Assimilator  
  40  6:53  Probe (Chrono Boost)  
  43  7:01  Probe (Chrono Boost)  
  43  7:03  Probe (Chrono Boost)  
  44  7:12  Probe (Chrono Boost)  
  44  7:14  Probe (Chrono Boost)  
  45  7:17  Adept x3  
  45  7:22  Probe (Chrono Boost)  
  52  7:24  Probe (Chrono Boost)  
  53  7:33  Probe (Chrono Boost)  
  54  7:43  Probe (Chrono Boost)  
  55  7:44  Adept  
  55  7:45  Probe (Chrono Boost)  
  55  7:46  Adept x2  
  62  7:54  Probe (Chrono Boost)  
  62  7:55  Probe (Chrono Boost)  
  61  8:09  Void Ray  
  61  8:11  Adept  
  67  8:13  Adept, Probe (Chrono Boost)  
  67  8:14  Stargate  
  70  8:46  Adept, Probe (Chrono Boost)  
  70  8:48  Adept  
  67  8:52  Void Ray  
  67  8:53  Adept  
  67  8:55  Probe (Chrono Boost)  
  70  8:58  Pylon  
  70  9:00  Pylon  
  70  9:03  Pylon  
  70  9:16  Probe (Chrono Boost), Adept, Void Ray  
  77  9:20  Adept  
  77  9:22  Adept  
  81  9:43  Adept  
  83  9:47  Adept  
  83  9:49  Adept  
  82  10:20  Pylon  
  82  10:22  Pylon  
  82  10:24  Pylon  
  82  10:38  Void Ray  
  82  10:40  Adept, Void Ray  
  82  10:41  Nexus  
  82  10:42  Pylon  
  82  11:10  Twilight Council  
  82  11:11  Stalker x2  
  86  11:12  Stalker  
  88  11:18  Gateway  
  88  11:20  Gateway  
  88  11:21  Void Ray  
  88  11:22  Void Ray  
  88  11:23  Gateway  
  96  11:42  Stalker  
  84  12:10  Void Ray x2  
  84  12:11  Stalker x4  
  100  12:20  Pylon  
  100  12:23  Pylon  
  100  12:25  Photon Cannon  
  100  12:26  Photon Cannon  
  100  12:28  Photon Cannon  
  61  13:17  Probe (Chrono Boost)  
  62  13:20  Probe (Chrono Boost)  
  63  13:28  Probe (Chrono Boost)  
  63  13:31  Templar Archives, Probe (Chrono Boost)  
  63  13:33  Warp Gate  
  65  13:38  Probe (Chrono Boost)  
  66  13:41  Probe (Chrono Boost)  
  67  13:52  Probe (Chrono Boost)  
  52  14:20  Psionic Storm  
  52  14:21  High Templar x4  
  60  14:25  Void Ray x2  
  68  15:02  Gateway  
  68  15:03  Gateway  
  68  15:05  Gateway, Probe (Chrono Boost)  
  68  15:06  Gateway  
  69  15:12  Stalker  
  71  15:15  Probe (Chrono Boost)  
  71  15:16  Probe (Chrono Boost)  
  73  15:26  Probe (Chrono Boost)  
  65  16:08  Stalker x4  
  65  16:09  Stalker x2  
  77  16:33  Stalker  
  77  16:34  Stalker x2  
  82  16:49  Probe (Chrono Boost)  
  82  16:50  Probe (Chrono Boost)  
  83  16:59  High Templar  
  83  17:00  High Templar x2  
  83  17:01  Probe (Chrono Boost)  
  90  17:04  Archon  
  90  17:05  High Templar  
  92  17:09  Archon  
  92  17:20  Robotics Facility  
Tags
 
Composition
MMM Bio
Matchup
PvT
Spawn Locations
Cross Positions
Add a new tag
Caveats
  • Supply blocks, unpowered buildings, or Contaminate may cause inaccurate times.
  • Supply counts are checked every 10 seconds.